 Dungeon Sprint DCSS version 0.28.0-53-g5a82cb258f (webtiles) character file.

Game seed: 13137778146910246140

5492 Zeld the Eclecticist (level 10, 0/50 HPs)
             Began as a Deep Elf Conjurer on May 31, 2022.
             Was a High Priest of Sif Muna.
             Slain by a spriggan berserker
             ... wielding a +1 antimagic flail
              (20 damage)
             ... in the Dungeon (Sprint IV: "Fedhas' Mad Dash").
             The game lasted 00:04:16 (4084 turns).

Zeld the Eclecticist (Deep Elf Conjurer)            Turns: 4084, Time: 00:04:16

Health: 0/50       AC:  2    Str:  4    XL:     10   Next: 42%
Magic:  6/45       EV: 12    Int: 28    God:    Sif Muna [*****.]
Gold:   23         SH:  0    Dex: 13    Spells: 39/50 levels left

rFire   . . .      SeeInvis .   (no weapon)
rCold   . . .      Faith    .   (no shield)
rNeg    . . .      Spirit   .   a - +0 robe
rPois   .          Reflect  .   (no helmet)
rElec   .          Harm     .   (no cloak)
rCorr   .          Rampage  .   (no gloves)
Will    +....      NoTele   +   (no boots)
Stlth   ++++......              h - amulet of invisibility {+Inv}
HPRegen 0.16/turn               m - ring of magical power
MPRegen 0.29/turn               (no ring)

@: very slightly contaminated
A: no striking features
a: Renounce Religion, Evoke Invisibility, Channel Magic, Forget Spell, Divine
Exegesis


You were in the Dungeon.
You worshipped Sif Muna.
Sif Muna was extremely pleased with you.
You visited 1 branch You collected 224 gold pieces.
You spent 201 gold pieces at shops.

Inventory:

Armour
 a - a +0 robe (worn)
Jewellery
 h - the amulet of invisibility (around neck) {+Inv}
   (You found it in the Dungeon)

   [amulet of nothing]

   +Inv:      It lets you turn invisible.
 m - a ring of magical power (left hand)
Scrolls
 g - a scroll of blinking
 l - 2 scrolls of identify {unknown}
 n - a scroll of enchant armour {unknown}
Potions
 b - 2 potions of curing
 c - a potion of heal wounds
 d - a potion of haste
 e - 2 potions of magic
 f - a potion of berserk rage
 i - 2 potions of brilliance {unknown}
 j - a potion of flight {unknown}
 o - 2 potions of mutation {unknown}
Miscellaneous
 k - a piece from Xom's chessboard (15/15)


   Skills:
 - Level 2.4 Dodging
 - Level 8.0 Stealth
 * Level 20.5 Spellcasting
 * Level 17.8 Conjurations
 - Level 2.0 Hexes
 - Level 2.0 Translocations
 + Level 9.0 Invocations


You had 39 spell levels left.
You knew the following spells:

 Your Spells              Type           Power      Damage    Failure   Level
a - Magic Dart            Conj           100%       1d8       0%          1
b - Searing Ray           Conj           100%       2d8       0%          2
c - Fulminant Prism       Conj/Hex       35%        3d18      1%          4
d - Iskenderun's Mystic   Conj/Tloc      71%        2d14      1%          4

Your spell library contained the following spells:

 Spells                   Type           Power      Damage    Failure   Level
 Foxfire                  Conj/Fire      100%       2x1d9     1%          1
 Shock                    Conj/Air       100%       1d9       1%          1
 Conjure Flame            Conj/Fire      68%        6-21      1%          3
 Dazzling Flash           Conj/Hex       100%       N/A       1%          3
 Stone Arrow              Conj/Erth      100%       3d13      1%          3
 Tukima's Dance           Hex            40%        N/A       1%          3
 Flame Wave               Conj/Fire      68%        2d13      1%          4
 Iskenderun's Battlesphe  Conj           91%        2d14      1%          5
 Inner Flame              Hex/Fire       34%        N/A       2%          3
 Freezing Cloud           Conj/Ice/Air   29%        6-21      3%          5
 Starburst                Conj/Fire      34%        6d10      5%          6
 Passage of Golubria      Tloc           40%        N/A       6%          4
 Silence                  Hex/Air        17%        N/A       26%         5
 Yara's Violent Unravell  Hex/Tmut       17%        3d8       26%         5
 Agony                    Necr           28%        N/A       36%         5
 Alistair's Intoxication  Tmut/Pois      18%        N/A       36%         5
 Borgnjor's Vile Clutch   Necr/Erth      14%        N/A       36%         5
 Eringya's Noxious Bog    Tmut/Pois      14%        N/A       91%         6
 Chain Lightning          Conj/Air       34%        3d45      100%        9


Dungeon Overview and Level Annotations

Branches:
Dungeon (1/1)

Altars:
Cheibriados
Dithmenos
Elyvilon
Gozag
Hepliaklqana
Kikubaaqudgha
Makhleb
Nemelex Xobeh
Okawaru
Qazlal
Ru
Sif Muna
Trog
Uskayaw
Vehumet
Wu Jian
Xom
Yredelemnul
Zin
The Shining One
Beogh
Jiyva
Lugonu

Shops:
D [!([:?*

Annotations:
D Agnes


Message History

Unknown command.
Unknown command.
Casting: Iskenderun's Mystic Blast (safe; 1% risk of failure)
Confirm with . or Enter, or press ? or * to list all spells.
You erupt in a blast of force!
The mystic blast hits the polar bear!
The polar bear is severely wounded.
The polar bear is knocked back by the mystic blast.
The polar bear slams into the stone wall!
The polar bear is almost dead.
The mystic blast hits the spriggan berserker!
The spriggan berserker is heavily wounded.
The spriggan berserker is knocked back by the mystic blast.
The spriggan berserker slams into the stone wall!
The spriggan berserker is severely wounded.
The mystic blast hits Agnes!
Agnes is severely wounded.
Agnes is knocked back by the mystic blast.
Agnes slams into the stone wall!
Agnes is severely wounded.
The spriggan berserker hits you with a +1 antimagic flail!!
Ouch! That really hurt!
You feel your power leaking away.
Casting: Iskenderun's Mystic Blast (safe; 1% risk of failure)
Confirm with . or Enter, or press ? or * to list all spells.
You erupt in a blast of force!
The mystic blast hits the polar bear!!
You kill the polar bear!
The polar bear's corpse disappears in a puff of smoke!
The mystic blast hits the spriggan berserker!
The spriggan berserker is severely wounded.
The spriggan berserker is knocked back by the mystic blast.
The spriggan berserker slams into the stone wall!
The spriggan berserker is almost dead.
The mystic blast hits Agnes!
Agnes is almost dead.
Agnes is knocked back by the mystic blast.
Agnes slams into the stone wall!
Agnes is almost dead.
You flicker back into view.
The spriggan berserker hits you with a +1 antimagic flail!!
You die...

'##.._._._._._..#..##∩∩.'...#####
..#._._._._._.⌠.#################
..###################....[.###...
###♣♣♣♣♣..♣.###.'.)'....).)')'.).
.'......♣..♣##..#..#.......######
.#♣..♣♣♣.♣).###.##'##......#
.#.♣♣.(♣...♣'...#♣.♣########
#################.....#
#i@♣..♣....# #..§♣i.....♣..
........♣.....∩.
.################


You could see Agnes and a spriggan berserker (berserk).

Vanquished Creatures
  A spriggan druid (D)
  6 oklob plants (D)
  A demonic crawler (D)
  3 wandering mushrooms (D)
  A queen bee (D)
  3 burning bushes (D)
  A hornet (D)
  3 scorpions (D)
  4 killer bees (D)
  5 oklob saplings (D)
  5 spriggans (D)
  A river rat (D)
  A rat (D)
  A ballistomycete spore (D)
36 creatures vanquished.

Vanquished Creatures (others)
  13 fulminant prisms (D)
  2 fungi (D)
15 creatures vanquished.

Grand Total: 51 creatures vanquished

Notes
Turn   | Place    | Note
-------+----------+-------------------------------------------
     0 | D        | Zeld the Deep Elf Conjurer began the quest for the Orb.
     0 | D        | Reached XP level 1. HP: 10/10 MP: 6/6
    10 | D        | Reached skill level 4 in Spellcasting
    10 | D        | Reached skill level 5 in Conjurations
    10 | D        | Reached skill level 1 in Hexes
    10 | D        | Reached skill level 1 in Translocations
    10 | D        | Reached XP level 2. HP: 15/15 MP: 0/9
   236 | D        | Learned a level 2 spell: Searing Ray
   239 | D        | Noticed an oklob sapling
   243 | D        | Killed an oklob sapling
   244 | D        | Reached skill level 6 in Spellcasting
   244 | D        | Reached XP level 3. HP: 19/19 MP: 4/12
   447 | D        | Noticed a scorpion
   447 | D        | Found the amulet of invisibility {+Inv}
   451 | D        | Killed a scorpion
   452 | D        | Reached skill level 7 in Spellcasting
   452 | D        | Reached XP level 4. HP: 9/24 MP: 7/15
   913 | D        | Found an opulent altar of Gozag.
   913 | D        | Found a hazy altar of Hepliaklqana.
   913 | D        | Found a burning altar of Makhleb.
   913 | D        | Found a sparkling altar of Nemelex Xobeh.
   913 | D        | Found a snail-covered altar of Cheibriados.
   913 | D        | Found a sacrificial altar of Ru.
   913 | D        | Found a shimmering blue altar of Sif Muna.
   913 | D        | Found a shimmering altar of Xom.
   913 | D        | Found a basalt altar of Yredelemnul.
   914 | D        | Found a viscous altar of Jiyva.
   914 | D        | Found a bloodstained altar of Trog.
   914 | D        | Found an ornate altar of the Wu Jian Council.
   915 | D        | Found an iron altar of Okawaru.
   915 | D        | Found a shadowy altar of Dithmenos.
   915 | D        | Found a glowing silver altar of Zin.
   916 | D        | Found an ancient bone altar of Kikubaaqudgha.
   916 | D        | Found a hide-covered altar of Uskayaw.
   917 | D        | Found a stormy altar of Qazlal.
   917 | D        | Found a glowing golden altar of the Shining One.
   917 | D        | Found a white marble altar of Elyvilon.
   918 | D        | Found a radiant altar of Vehumet.
   918 | D        | Found a corrupted altar of Lugonu.
   921 | D        | Became a worshipper of Sif Muna the Loreminder
   934 | D        | Learned a level 4 spell: Fulminant Prism
   939 | D        | Learned a level 4 spell: Iskenderun's Mystic Blast
  1255 | D        | Reached skill level 8 in Spellcasting
  1312 | D        | Reached skill level 5 in Stealth
  1312 | D        | Reached skill level 9 in Spellcasting
  1312 | D        | Reached XP level 5. HP: 28/28 MP: 8/18
  1551 | D        | Reached * piety under Sif Muna
  1552 | D        | Reached skill level 10 in Spellcasting
  1593 | D        | Reached ** piety under Sif Muna
  1594 | D        | Reached skill level 11 in Spellcasting
  1594 | D        | Reached skill level 10 in Conjurations
  1594 | D        | Reached XP level 6. HP: 21/32 MP: 12/22
  1798 | D        | Found Nistrigh's Distillery.
  1798 | D        | Found Amaimec's Antique Armour Emporium.
  1805 | D        | Noticed a burning bush
  1805 | D        | Noticed a wandering mushroom
  1808 | D        | Noticed a wandering mushroom
  1814 | D        | Killed a wandering mushroom
  1814 | D        | Killed a burning bush
  1814 | D        | Killed a wandering mushroom
  1814 | D        | Reached *** piety under Sif Muna
  1815 | D        | Reached skill level 15 in Spellcasting
  1815 | D        | Reached XP level 7. HP: 36/36 MP: 11/27
  1815 | D        | Reached XP level 8. HP: 41/41 MP: 11/29
  1822 | D        | Found Okusm's Book Emporium.
  1822 | D        | Found Baroulom's Armour Shoppe.
  1936 | D        | Noticed a queen bee
  1942 | D        | Reached skill level 1 in Invocations
  1942 | D        | Killed a queen bee
  1942 | D        | Reached **** piety under Sif Muna
  1943 | D        | Reached skill level 16 in Spellcasting
  2222 | D        | Noticed an oklob plant
  2230 | D        | Killed an oklob plant
  2419 | D        | Noticed a burning bush
  2426 | D        | Killed a burning bush
  2427 | D        | Reached skill level 17 in Spellcasting
  2427 | D        | Reached XP level 9. HP: 45/45 MP: 23/32
  2470 | D        | Noticed a burning bush
  2470 | D        | Noticed an oklob plant
  2475 | D        | Killed a burning bush
  2475 | D        | Reached ***** piety under Sif Muna
  2476 | D        | Reached skill level 15 in Conjurations
  2476 | D        | Reached skill level 5 in Invocations
  2576 | D        | Noticed a wandering mushroom
  2589 | D        | Killed an oklob plant
  2590 | D        | Reached skill level 18 in Spellcasting
  2591 | D        | Killed a wandering mushroom
  2591 | D        | Received a gift from Sif Muna
  2594 | D        | Got Sif Muna's Almanac of Attacks {god gift}
  2944 | D        | Noticed a spriggan druid
  2947 | D        | Killed a spriggan druid
  3092 | D        | Noticed an oklob plant conjurer
  3096 | D        | Killed an oklob plant conjurer
  3097 | D        | Reached skill level 19 in Spellcasting
  3173 | D        | Noticed an oklob plant
  3173 | D        | Noticed an oklob plant summoner
  3174 | D        | Noticed an oklob plant shifter
  3178 | D        | Killed an oklob plant shifter
  3179 | D        | Reached XP level 10. HP: 50/50 MP: 35/35
  3182 | D        | Killed an oklob plant
  3182 | D        | Killed an oklob plant summoner
  3183 | D        | Reached skill level 20 in Spellcasting
  3680 | D        | Noticed a spriggan rider
  3681 | D        | Found Lusowk's Magic Scroll Emporium.
  4030 | D        | Found Yclefoes's Assorted Antiques.
  4036 | D        | Bought 2 fuming sapphire potions for 54 gold pieces
  4036 | D        | Bought an inky potion for 27 gold pieces
  4036 | D        | Bought a scroll labelled GOUKIL ZEPRI for 30 gold pieces
  4036 | D        | Bought a potion of curing for 90 gold pieces
  4068 | D        | Noticed Agnes
  4075 | D        | Found Dezxub's Antique Weapon Emporium.
  4075 | D        | Noticed a spriggan berserker
  4084 | D        | Slain by a spriggan berserker

Illustrated notes

Levels and vault maps discovered:
D:        dungeon_sprint_fedhas [sprint_temple]

Skill      XL: |  1  2  3  4  5  6  7  8  9 10 |
---------------+-------------------------------+-----
Spellcasting   | 4 6 7 9 11 15 17 19 20 | 20.5
Conjurations   | 5 6 7 8 10 13 14 16 17 | 17.8
Hexes          | 1 2 |  2.0
Translocations | 1 2 |  2.0
Stealth        | 4 5 7 8 |  8.0
Invocations    | 4 7 9 |  9.0
Dodging        | |  2.4

Action                   |  1- 3 |  4- 6 |  7- 9 | 10-12 || total
-------------------------+-------+-------+-------+-------++-------
Melee: Unarmed           |       |     1 |       |       ||     1
 Cast: Magic Dart        |     6 |       |       |       ||     6
       Searing Ray       |     2 |     3 |     5 |     1 ||    11
       Fulminant Prism   |       |     4 |     8 |     1 ||    13
       Iskenderun's Myst |       |     2 |    17 |    19 ||    38
Invok: Channel Magic     |       |       |       |     1 ||     1
 Abil: Evoke Invisibilit |       |     4 |     7 |     1 ||    12
Dodge: Dodged            |     2 |     3 |     3 |       ||     8
